 Dungeon Crawl Stone Soup version 0.30-a0-165-g1891117ce2 (webtiles) character file.

Game seed: 12765702967650328152

39 qw the Chopper (level 3, 0/23 HPs)
             Began as a Gargoyle Fighter on Sept 28, 2022.
             Slain by an orc
             ... wielding a +0 flail
              (5 damage)
             ... on level 2 of the Dungeon.
             The game lasted 00:00:27 (1191 turns).

qw the Chopper (Gargoyle Fighter)                   Turns: 1191, Time: 00:00:28

Health: 0/23       AC: 10    Str: 21    XL:     3   Next: 45%
Magic:  3/3        EV:  9    Int:  8    God:
Gold:   50         SH:  4    Dex:  9    Spells: 2/2 levels left

rFire   . . .      SeeInvis .    Y - +0 war axe
rCold   . . .      Faith    .    c - +0 buckler
rNeg    + . .      Spirit   .    b - +0 scale mail
rPois   inf        Reflect  .    (no helmet)
rElec   +          Harm     .    (no cloak)
rCorr   .          Rampage  .    (no gloves)
Will    .....                    (no boots)
Stlth   ..........               (no amulet)
HPRegen 0.07/turn                (no ring)
MPRegen 0.08/turn                (no ring)

@: about to teleport
A: sickness immunity, AC +3, negative energy resistance 1, electricity
resistance, torment resistance 1, petrification resistance
a: no special abilities


You were on level 2 of the Dungeon.
You visited 1 branch of the dungeon, and saw 2 of its levels.

You collected 50 gold pieces.


Innate Abilities, Weirdness & Mutations

You are immune to sickness and miasma.
Your stone body is resilient. (AC +3)
You are immune to poison.
You resist negative energy. (rN+)
You are resistant to electric shocks. (rElec)
You are resistant to unholy torment.
You are immune to petrification.


   Skills:
 - Level 3.2 Fighting
 + Level 3.4 Axes
 - Level 3.2 Armour
 - Level 3.2 Shields


You had 2 spell levels left.
You didn't know any spells.
Your spell library was empty.

Inventory:

Hand Weapons
 f - a +0 mace
 Y - a +0 war axe (weapon)
Armour
 b - a +0 scale mail (worn)
 c - a +0 buckler (worn)
Scrolls
 e - a scroll of identify
Potions
 d - a potion of might
 g - a potion of curing {unknown}

Dungeon Overview and Level Annotations

Branches:
Dungeon (2/15)

Altars:


Message History

You kill the frilled lizard!
An orc comes into view. It is wielding a +0 flail.
The orc shouts!
Enter note: An orc comes into view. It is wielding a +0 trident.
1177 ||| Stepping ~*~*~tactically~*~*~ (stealth). 2 orcs come into view.
The orc shouts!
1179 ||| Stepping ~*~*~tactically~*~*~ (hiding).
1180 ||| Stepping ~*~*~tactically~*~*~ (hiding).
1181 ||| Stepping ~*~*~tactically~*~*~ (hiding).
1182 ||| Stepping ~*~*~tactically~*~*~ (hiding).
You hit the orc.
The orc is almost dead.
The orc hits you with a +0 flail.
You barely miss the orc.
The orc is almost dead.
The orc hits you but does no damage. You block the orc's attack.
The orc hits you with a +0 flail.
You barely miss the orc.
The orc is almost dead.
The orc hits you from afar with a +0 trident.
The orc hits you but does no damage.
You barely miss the orc.
The orc is almost dead.
The orc hits you from afar with a +0 trident.
The orc hits you with a +0 flail.
You closely miss the orc.
The orc is almost dead.
The orc closely misses you. The orc barely misses you.
The orc hits you from afar with a +0 trident.
The orc misses you.
1190 ||| READING scroll of teleportation.
As you read the scroll of teleportation, it crumbles to dust.
You feel strangely unstable. The orc closely misses you.
The orc hits you but does no damage.
You barely miss the orc.
The orc is almost dead.
The orc barely misses you. The orc hits you with a +0 flail.
You die...

##o #.. #.. #.. ##o.
#...## #.## #. #. .. ##
##o#######.###.#... #.#
##oo@.##.........
#.###.#.#.##>.......
#..........#.......#
#..................#
#...####...........#
#...#####.........<#
#.....##........)..#
#.....##..........##
#...#####..###....#####


You could see 3 orcs.

Vanquished Creatures
  2 dart slugs
  3 bats (D:1)
  4 endoplasms (D:1)
  3 goblins (D:1)
  5 hobgoblins (D:1)
  A kobold (D:2)
  2 quokkas (D:1)
  3 ball pythons (D:1)
  3 frilled lizards
  5 rats (D:1)
31 creatures vanquished.

Notes
Turn   | Place    | Note
-------+----------+-------------------------------------------
     0 | D:1      | qw the Gargoyle Fighter began the quest for the Orb.
     0 | D:1      | Reached XP level 1. HP: 14/14 MP: 1/1
     0 | D:1      | 0 ||| qw: Version: 0.2-a-12-gaebbb33
     0 | D:1      | 0 ||| qw: Game counter: 932
     0 | D:1      | 0 ||| qw: Always use a shield: true
     0 | D:1      | 0 ||| qw: God list: Okawaru
     0 | D:1      | 0 ||| qw: Allow faded altars: false
     0 | D:1      | 0 ||| qw: Do Orc after D:15 true
     0 | D:1      | 0 ||| qw: Do second Lair branch before Depths: true
     0 | D:1      | 0 ||| qw: Lair rune preference: random
     0 | D:1      | 0 ||| qw: Plans: Normal, Zot:1-4, God:TSO, Crypt, Tomb,
                  | Pan, Slime:5, Hells, Abyss, Orb
     0 | D:1      | 0 ||| PLANNING D:1-11
    13 | D:1      | Found a faded altar of an unknown god.
   151 | D:1      | 151 ||| Stepping ~*~*~tactically~*~*~ (stealth).
   153 | D:1      | 153 ||| Stepping ~*~*~tactically~*~*~ (hiding).
   170 | D:1      | Reached XP level 2. HP: 17/19 MP: 2/2
   431 | D:1      | 431 ||| Stepping ~*~*~tactically~*~*~ (stealth).
   512 | D:1      | Reached skill level 3 in Axes
   513 | D:1      | 513 ||| Stepping ~*~*~tactically~*~*~ (stealth).
   531 | D:1      | Reached XP level 3. HP: 23/23 MP: 3/3
  1068 | D:1      | 1068 ||| READING 2 scrolls labelled SUAMUK SOINY.
  1072 | D:1      | 1072 ||| READING scroll labelled CAKHUNT XEITUP.
  1124 | D:2      | 1124 ||| Stepping ~*~*~tactically~*~*~ (hiding).
  1177 | D:2      | 1177 ||| Stepping ~*~*~tactically~*~*~ (stealth).
  1179 | D:2      | 1179 ||| Stepping ~*~*~tactically~*~*~ (hiding).
  1180 | D:2      | 1180 ||| Stepping ~*~*~tactically~*~*~ (hiding).
  1181 | D:2      | 1181 ||| Stepping ~*~*~tactically~*~*~ (hiding).
  1182 | D:2      | 1182 ||| Stepping ~*~*~tactically~*~*~ (hiding).
  1189 | D:2      | HP: 5/23 [orc/+0 trident (6)]
  1190 | D:2      | 1190 ||| READING scroll of teleportation.
  1191 | D:2      | Slain by an orc

Levels and vault maps discovered:
D:1:      doesnt_arrival_eight_statues, layout_basic,
          ebering_ecumenical_altar_abandoned
D:2:      minmay_wonky_spiral, layout_loops_ring,
          chequers_serial_rivers_large_b, hangedman_decor_growths, minivault_25,
          uniq_natasha

Skill      XL: |  1  2 |
---------------+-------+-----
Axes           | 2 3 |  3.4
Fighting       | |  3.2
Armour         | |  3.2
Shields        | |  3.2

Action                   || total
-------------------------++-------
Melee: War axe           ||    77
  Use: Scroll            ||     3
Armor: Scale mail        ||    36
Dodge: Dodged            ||    30
Block: Buckler           ||     8

Table legend:
 A = Non-vault XP
 B = Vault XP
 C = Vault XP percentage of total XP
 D = Non-vault monster count
 E = Vault monster count
 F = Vault count percentage of total count
                 A         B        C        D         E       F
            +---------+---------+-------+---------+---------+-------
      Total |      56 |       0 |   0.0 |      31 |       0 |   0.0
            +---------+---------+-------+---------+---------+-------
        D:1 |      49 |       0 |   0.0 |      28 |       0 |   0.0
        D:2 |       7 |       0 |   0.0 |       3 |       0 |   0.0
            +---------+---------+-------+---------+---------+-------
